 Dungeon Crawl Stone Soup version 0.32-a0-42-ga30500b4d3 (webtiles) character file.

Game seed: 16385023674651388581

554 seren the Shooter (level 7, -3/43 HPs)
             Began as a Kobold Hunter on Feb 3, 2024.
             Slain by an orc wizard
             ... wielding a +0 spear
              (4 damage)
             ... on level 5 of the Dungeon.
             The game lasted 00:15:33 (4525 turns).

seren the Shooter (Kobold Hunter)                   Turns: 4525, Time: 00:15:34

Health: -3/43      AC:  9    Str:  9    XL:     7   Next: 55%
Magic:  7/7        EV: 14    Int: 10    God:
Gold:   144        SH:  0    Dex: 18    Spells: 6/6 levels left

rFire   . . .        b - +0 dagger (venom)
rCold   . . .        (no shield)
rNeg    . . .        d - +0 ring mail
rPois   .            w - +0 helmet
rElec   .            s - +0 cloak
rCorr   .            g - +0 pair of gloves
SInv    .            E - +0 pair of boots
Will    .....        (no amulet)
Stlth   ++           (no ring)
HPRegen 0.27/turn    (no ring)
MPRegen 0.10/turn

%: no passive effects
@: silenced
A: small, no large weapons, nightstalker 3, clumsy 1, MP-powered wands,
devolution 1
a: no special abilities


You were on level 5 of the Dungeon.
You visited 1 branch of the dungeon, and saw 5 of its levels.

You collected 144 gold pieces.

Inventory:

Hand Weapons
 a - a +0 shortbow
 b - a +0 dagger of venom (weapon)
Missiles
 h - 21 poisoned darts
Armour
 d - a +0 ring mail (worn)
 g - a +0 pair of gloves (worn)
 s - a +0 cloak (worn)
 u - a +0 kite shield
 w - a +0 helmet (worn)
 E - a +0 pair of boots (worn)
Jewellery
 t - a +6 ring of dexterity
Talismans
 x - a blade talisman
Wands
 A - a wand of roots (13)
Scrolls
 c - a scroll of butterflies
 e - a scroll of enchant weapon
 j - a scroll of teleportation {unknown}
 l - a scroll of blinking {unknown}
 r - a scroll of revelation {unknown}
 y - a scroll of fear {unknown}
 C - a scroll of amnesia {unknown}
 D - a scroll of brand weapon {unknown}
Potions
 i - a potion of brilliance {unknown}
 m - a potion of degeneration {unknown}
 o - a potion of might {unknown}
 p - a potion of curing {unknown}
 q - a potion of ambrosia {unknown}
 v - a potion of magic {unknown}
 z - a potion of heal wounds {unknown}
 B - 2 potions of attraction


   Skills:
 + Level 4.0 Fighting
 + Level 2.6 Short Blades
 + Level 6.8 Ranged Weapons
 + Level 2.2 Armour
 + Level 4.4 Dodging
 + Level 4.4 Stealth
 + Level 1.3 Evocations


You had 6 spell levels left.
You didn't know any spells.
Your spell library contained the following spells:

 Spells                   Type           Power      Damage    Failure   Level
 Freeze                   Ice            0%         1d3       71%         1
 Scorch                   Fire           0%         2d5       83%         2
 Frozen Ramparts          Ice            0%         1d1       97%         3
 Hailstorm                Conj/Ice       0%         3d5       97%         3
 Flame Wave               Conj/Fire      0%         2d4       100%        4
 Summon Cactus Giant      Summ           0%         N/A       100%        6


Dungeon Overview and Level Annotations

Branches:
Dungeon (5/15)
 Temple: D:4-7

Altars:
Uskayaw

Shops:
D:4 (

Annotations:
D:3 exclusion: downstairs
D:4 2 transporters, munkybalat's ghost, amateur DsFE
D:5 exclusions: 2 adders, ice beast and 2 ogres


Innate Abilities, Weirdness & Mutations

You are small and have problems with some larger weapons.
You are completely attuned to the shadows.
You are clumsy. (Dex -2)
You expend magic power (3 MP) to strengthen your wands.
You have hidden genetic defects.


Message History

The orc wizard casts a spell at you.
You are confused.
You bump into the rock wall.
The orc wizard gestures wildly while chanting.
The orc wizard flickers and vanishes!
Deactivating autopickup; reactivate with Ctrl-A.
The ogre hits you with a +0 giant spiked club!
It was a potion of mutation.
You feel extremely strange.
You feel your magical essence link to the dungeon's wands.
You feel clumsy.
You feel a hidden malignance growing inside you.
You hear some strange, mumbled words.
A puff of flame appears from out of thin air!
The puff of flame hits you but does no damage.
The orc closely misses you. The ogre barely misses you.
Something hits you but does no damage. The orc misses you.
You miss the orc. Something hits you but does no damage.
The orc barely misses you.
You barely miss something.
You feel less confused. Something hits you. The ogre misses you.
The orc barely misses you.
You hit the ogre.
The ogre is lightly wounded.
Something hits you.
* * * LOW HITPOINT WARNING * * *
The orc closely misses you.
You hit the ogre but do no damage.
The ogre is poisoned.
The ogre is lightly wounded.
The ogre hits you with a +0 giant spiked club!!
Ouch! That really hurt!
* * * LOW HITPOINT WARNING * * *
Something hits you but does no damage. The orc misses you.
Okay, then.
As you read the scroll labelled UZIAWA MEVA, it crumbles to dust.
A profound silence engulfs you.
It was a scroll of silence.
Something hits you.
* * * LOW HITPOINT WARNING * * *
The orc barely misses you. The ogre closely misses you.
Something hits you but does no damage. Something hits you.
You die...

### ### #.#######.# #.........#
###########.####Y.#.#
#...........####..#.######
##'###.............#.......
#........##.............###
#######.......)##.#.###.#####.###
#.....'.......{.@................
#.#####.......O##.#.###.##.#..###
#.# #....#..........#.#.<......
#.# #...##..o.....#.#.#........
#.######>......###...............
#.##.....###.#..##.#.....(.#####.
#.##.....# #.#..##.#..####.....##
.........# #.#..##.#..# #.###.##
#######..# #.#...#.##.# ##.###.#.


You could see an ogre (very poisoned).

Vanquished Creatures
  An ogre (D:5)
  Blork the orc (D:4)
  A scorpion (D:5)
  2 hounds (D:5)
  3 iguanas
  3 orc wizards
  4 adders
  A white imp (D:5)
  2 ribbon worms
  3 dart slugs
  18 orcs
  4 ball pythons
  5 endoplasms
  2 giant cockroaches
  6 goblins
  7 hobgoblins
  3 jackals (D:1)
  6 quokkas
  4 bats
  2 frilled lizards (D:1)
  5 kobolds
  3 rats (D:2)
86 creatures vanquished.

Notes
Turn   | Place    | Note
-------+----------+-------------------------------------------
     0 | D:1      | seren the Kobold Hunter began the quest for the Orb.
     0 | D:1      | Reached XP level 1. HP: 12/12 MP: 1/1
   133 | D:1      | Reached XP level 2. HP: 7/18 MP: 2/2
   624 | D:1      | Reached XP level 3. HP: 22/22 MP: 3/3
   974 | D:2      | Noticed a shining eye
   975 | D:2      | Noticed a shining eye
   984 | D:2      | Noticed a great orb of eyes
   986 | D:2      | Found a faded altar of an unknown god.
   989 | D:2      | Noticed a glass eye
  1552 | D:3      | Reached XP level 4. HP: 24/27 MP: 4/4
  2036 | D:3      | Reached skill level 1 in Armour
  2372 | D:4      | Reached skill level 6 in Ranged Weapons
  2372 | D:4      | Reached XP level 5. HP: 14/32 MP: 5/5
  2449 | D:4      | Noticed Blork the orc
  2881 | D:4      | Reached XP level 6. HP: 36/37 MP: 6/6
  2885 | D:4      | Reached skill level 1 in Short Blades
  3117 | D:4      | Found a transporter.
  3128 | D:4      | Found a transporter.
  3185 | D:4      | Noticed munkybalat's ghost (amateur DsFE)
  3283 | D:4      | Found Wuverphu's Weapon Boutique.
  3393 | D:4      | Killed Blork the orc
  3518 | D:5      | Entered Level 5 of the Dungeon
  3602 | D:5      | Found a hide-covered altar of Uskayaw.
  3639 | D:5      | Noticed an ice beast
  3688 | D:5      | Noticed an ogre
  3734 | D:5      | Reached XP level 7. HP: 33/42 MP: 7/7
  3901 | D:5      | Reached skill level 1 in Evocations
  4517 | D:5      | Gained mutation: You expend magic power (3 MP) to
                  | strengthen your wands. [potion of mutation]
  4517 | D:5      | Gained mutation: You are clumsy. (Dex -2) [potion of
                  | mutation]
  4517 | D:5      | Gained mutation: You have hidden genetic defects. [potion
                  | of mutation]
  4522 | D:5      | HP: 2/43 [ogre/+0 giant spiked club (28)]
  4525 | D:5      | Slain by an orc wizard

Illustrated notes

Levels and vault maps discovered:
D:1:      nzn_arrival_crosshair, layout_loops_ring, chequers_big_river
D:2:      layout_rooms, hellmonk_ecumenical_altar_watching_god
D:3:      layout_loops_ring, minmay_tree_intersection,
          minmay_misc_feat_nine_boxes
D:4:      layout_basic, gammafunk_ghost_stat_death, serial_shops,
          nicolae_shop_competitors_out_of_business, uniq_blork_the_orc
D:5:      minmay_clustersquares, layout_basic, nicolae_overflow_crystal_walls,
          nicolae_letterblocks [nicolae_letter_subblock,
          nicolae_letter_subblock, nicolae_letter_subblock,
          nicolae_letter_subblock, nicolae_letter_subblock,
          nicolae_letter_subblock, nicolae_letter_subblock,
          nicolae_letter_subblock, nicolae_letter_subblock,
          nicolae_letter_subblock, nicolae_letter_subblock,
          nicolae_letter_subblock, nicolae_letter_subblock,
          nicolae_letter_subblock, nicolae_letter_subblock,
          nicolae_letter_subblock, nicolae_letter_subblock,
          nicolae_letter_subblock, nicolae_letter_subblock,
          nicolae_letter_subblock, nicolae_letter_subblock,
          nicolae_letter_subblock, nicolae_letter_subblock,
          nicolae_letter_subblock, nicolae_letter_subblock]

Skill      XL: |  1  2  3  4  5  6  7 |
---------------+----------------------+-----
Stealth        | 2 3 4 |  4.4
Dodging        | 3 4 |  4.4
Armour         | 1 2 |  2.2
Fighting       | 3 4 |  4.0
Ranged Weapons | 6 |  6.8
Short Blades   | 1 2 |  2.6
Evocations     | 1 |  1.3

Action                     |  1- 3 |  4- 6 |  7- 9 || total
---------------------------+-------+-------+-------++-------
  Melee: Dagger            |     3 |    95 |    31 ||   129
         Punch             |       |     1 |       ||     1
   Fire: Shortbow          |    65 |    65 |     9 ||   139
    Use: Scroll            |       |       |     3 ||     3
         Potion            |       |       |     1 ||     1
   Stab: Sleeping          |       |     1 |     3 ||     4
 Armour: Leather armour    |    11 |       |       ||    11
         Ring mail         |     7 |    67 |    28 ||   102
  Dodge: Dodged            |    32 |    65 |    28 ||   125

Table legend: (Time is in decaauts)
 A = Elapsed time spent in this place.
 B = Non-inter-level travel time spent in this place.
 C = Inter-level travel time spent in this place.
 D = Time resting spent in this place.
 E = Time spent auto-exploring this place.
 F = Levels seen in this place.
 G = Mean time per level.
                   A        B        C        D        E       F      G
               +--------+--------+--------+--------+--------+-----+--------+
         Total |   4557 |   4335 |    222 |    462 |   2871 |   5 |  911.4 |
       Dungeon |   4557 |   4335 |    222 |    462 |   2871 |   5 |  911.4 |
               +--------+--------+--------+--------+--------+-----+--------+

Top non-repeatable levels by time:
     D:3: 1222 daAuts
     D:1: 968 daAuts
     D:5: 948 daAuts
     D:4: 816 daAuts
     D:2: 602 daAuts
